 Dungeon Crawl Stone Soup version 0.30-a0-451-ge042605de7 (webtiles) character file.

Game seed: 8547869312397226627

92 porpoise the Chopper (level 4, -3/41 HPs)
             Began as a Hill Orc Monk on Dec 12, 2022.
             Slain by Terence
             ... wielding a +0 flail
              (11 damage)
             ... on level 3 of the Dungeon.
             The game lasted 00:06:27 (1496 turns).

porpoise the Chopper (Hill Orc Monk)                Turns: 1496, Time: 00:06:28

Health: -3/41      AC:  8    Str: 21    XL:     4   Next: 60%
Magic:  4/4        EV:  8    Int: 10    God:
Gold:   105        SH:  0    Dex: 13    Spells: 3/3 levels left

rFire   + . .      SeeInvis .    a - +0 hand axe
rCold   + . .      Faith    .    (no shield)
rNeg    . . .      Spirit   .    n - +0 chain mail
rPois   +          Reflect  .    (no helmet)
rElec   +          Harm     .    (no cloak)
rCorr   +          Rampage  .    (no gloves)
Will    .....                    (no boots)
Stlth   ..........               (no amulet)
HPRegen 0.26/turn                h - +6 ring of strength
MPRegen 0.09/turn                (no ring)

@: resistant, flying, hasted, very quick
A: wild magic 1, MP-powered wands
a: no special abilities


You were on level 3 of the Dungeon.
You visited 1 branch of the dungeon, and saw 3 of its levels.

You collected 105 gold pieces.

Inventory:

Hand Weapons
 a - a +0 hand axe (weapon)
Armour
 l - a +0 ring mail
 n - a +0 chain mail (worn)
Jewellery
 h - a +6 ring of strength (left hand)
Wands
 m - a wand of paralysis (11)
Scrolls
 d - a scroll of magic mapping {unknown}
 e - 2 scrolls of teleportation {unknown}
 f - 2 scrolls of identify {unknown}
 j - a scroll of poison {unknown}
 p - a scroll of amnesia {unknown}
 q - a scroll of brand weapon {unknown}
Potions
 c - a potion of ambrosia
 i - a potion of resistance
 k - a potion of flight
 o - a potion of haste


   Skills:
 + Level 4.6 Fighting
 * Level 6.1 Axes
 - Level 2.4 Dodging
 - Level 1.5 Stealth


You had 3 spell levels left.
You didn't know any spells.
Your spell library was empty.

Dungeon Overview and Level Annotations

Branches:
Dungeon (3/15)

Altars:

Shops:
D:1 (   D:3 [

Annotations:
D:2 Sigmund
D:3 Terence


Innate Abilities, Weirdness & Mutations

Your spells are a little harder to cast, but a little more powerful.
You expend magic power (3 MP) to strengthen your wands.


Message History

Terence hits you with a +0 flail.
You hit Terence but do no damage.
Terence is lightly wounded.
Terence barely misses you.
You hit Terence.
Terence is moderately wounded.
Terence zaps a wand.
The puff of flame hits you!
You hit Terence but do no damage.
Terence is moderately wounded.
Terence looks more healthy.
Terence hits you with a +0 flail!
You closely miss Terence.
Terence is moderately wounded.
Terence hits you with a +0 flail.
You closely miss Terence.
Terence is moderately wounded.
Terence hits you with a +0 flail.
You hit Terence but do no damage.
Terence is moderately wounded.
Terence hits you with a +0 flail.
* * * LOW HITPOINT WARNING * * *
It was a potion of flight.
You feel very buoyant.
You fly up into the air.
Terence zaps a wand.
The puff of flame hits you.
* * * LOW HITPOINT WARNING * * *
It was a potion of resistance.
You feel protected. Terence misses you.
It was a potion of haste.
You feel yourself speed up. Terence says, "How do you enjoy it?"
Terence zaps a wand.
The puff of flame hits you. You resist.
* * * LOW HITPOINT WARNING * * *
You closely miss Terence.
Terence is moderately wounded.
It was a potion of curing.
You feel better. Terence barely misses you.
It was a potion of mutation.
You feel extremely strange.
You feel less in control of your magic.
You feel your magical essence link to the dungeon's wands.
A rat comes into view.
Terence hits you with a +0 flail!
You die...

..##### #.#.##
..<.....#
#######.#..#
#######.#
[........#.#####.#.
# # ##
#####............ #
##.##[###
#.##.######## #
.....#..####.##.# #
.............##.# #
##.#.#.#######.# #
#@# #.. #@# ### #.#
... #.# #.# #(. ..r


You could see Terence and a rat (wandering).

Vanquished Creatures
  A jelly (D:3)
  3 adders
  2 dart slugs (D:2)
  5 endoplasms
  A giant cockroach (D:2)
  A hobgoblin (D:1)
  5 kobolds
  5 ball pythons
  5 bats
  3 frilled lizards
  3 rats
34 creatures vanquished.

Notes
Turn   | Place    | Note
-------+----------+-------------------------------------------
     0 | D:1      | porpoise the Hill Orc Monk began the quest for the Orb.
     0 | D:1      | Reached XP level 1. HP: 19/19 MP: 1/1
   109 | D:1      | Found Umic's Weapon Shoppe.
   543 | D:1      | Reached XP level 2. HP: 27/27 MP: 2/2
   965 | D:2      | Reached skill level 5 in Axes
   965 | D:2      | Reached XP level 3. HP: 33/33 MP: 3/3
  1183 | D:2      | Found a faded altar of an unknown god.
  1244 | D:2      | Noticed Sigmund
  1301 | D:3      | Found Linutzuv's Antique Armour Boutique.
  1380 | D:3      | Reached skill level 6 in Axes
  1380 | D:3      | Reached XP level 4. HP: 28/41 MP: 4/4
  1479 | D:3      | Noticed Terence
  1493 | D:3      | HP: 1/41 [Terence/puff of flame (5)]
  1496 | D:3      | Gained mutation: Your spells are a little harder to cast,
                  | but a little more powerful. [potion of mutation]
  1496 | D:3      | Gained mutation: You expend magic power (3 MP) to
                  | strengthen your wands. [potion of mutation]
  1496 | D:3      | Slain by Terence

Illustrated notes

Levels and vault maps discovered:
D:1:      tarquinn_simple_flora_water_b, layout_basic, serial_shops,
          nicolae_square_shop, minmay_hexomino_p4
D:2:      layout_rooms, basic_altar,
          dreamdust_ecumenical_altar_angels_and_demons, uniq_sigmund
D:3:      layout_loops_ring, serial_shops, shop, uniq_terence

Skill      XL: |  1  2  3 |
---------------+----------+-----
Fighting       | 4 |  4.6
Axes           | 5 6 |  6.1
Dodging        | |  2.4
Stealth        | |  1.5

Action                   |  1- 3 |  4- 6 || total
-------------------------+-------+-------++-------
Melee: Hand axe          |   118 |    13 ||   131
       Punch             |     2 |       ||     2
Throw: Dart              |       |     2 ||     2
  Use: Potion            |       |     5 ||     5
Armor: Leather armour    |    12 |       ||    12
       Ring mail         |     1 |       ||     1
       Chain mail        |    28 |     4 ||    32
Dodge: Dodged            |    66 |     4 ||    70

Table legend: (Time is in decaauts)
 A = Elapsed time spent in this place.
 B = Non-inter-level travel time spent in this place.
 C = Inter-level travel time spent in this place.
 D = Time resting spent in this place.
 E = Time spent auto-exploring this place.
 F = Levels seen in this place.
 G = Mean time per level.
                   A        B        C        D        E       F      G
               +--------+--------+--------+--------+--------+-----+--------+
         Total |   1502 |   1429 |     73 |    243 |    797 |   3 |  500.7 |
       Dungeon |   1502 |   1429 |     73 |    243 |    797 |   3 |  500.7 |
               +--------+--------+--------+--------+--------+-----+--------+

Top non-repeatable levels by time:
     D:1: 834 daAuts
     D:2: 427 daAuts
     D:3: 241 daAuts
